 Dungeon Crawl Stone Soup version 0.29.1-15-g9cfb28693d (webtiles) character file.

Game seed: 1299894619138002069

1120 javelincjr the Caller (level 8, -3/55 (58) HPs)
             Began as a Gnoll Summoner on Apr 17, 2023.
             Slain by a wight
             ... wielding a +2 scimitar
              (9 damage)
             ... on level 5 of the Dungeon.
             The game lasted 00:25:16 (6267 turns).

javelincjr the Caller (Gnoll Summoner)              Turns: 6267, Time: 00:25:17

HP:   -3/55 (58)    AC:  9    Str: 10    XL:     8   Next: 34%
MP:   16/17         EV: 12    Int: 14    God:
Gold: 222           SH:  0    Dex: 13    Spells: 6/19 levels left

rFire   + . .      SeeInvis .   F - +0 executioner's axe
rCold   x . .      Faith    .   (shield currently unavailable)
rNeg    . . .      Spirit   .   K - +3 ring mail
rPois   .          Reflect  .   w - +0 helmet
rElec   .          Harm     .   (no cloak)
rCorr   .          Rampage  .   (no gloves)
Will    .....                   (no boots)
Stlth   ++........              r - amulet of magic regeneration
HPRegen 0.18/turn               i - ring of wizardry
MPRegen 0.55/turn               J - ring of fire

@: drained
A: fangs 1, strong nose, distributed training
a: no special abilities


You were on level 5 of the Dungeon.
You visited 1 branch of the dungeon, and saw 6 of its levels.

You collected 222 gold pieces.

Inventory:

Hand Weapons
 d - a +0 whip
 k - a +0 spear
 n - a +0 war axe
 D - a +1 dagger of freezing
 E - a +1 vorpal flail
 F - a +0 executioner's axe (weapon)
Armour
 a - a +0 robe
 v - a +0 kite shield
 w - a +0 helmet (worn)
 C - a +0 leather armour of cold resistance
 K - a +3 ring mail (worn)
Magical Staves
 B - a staff of fire
Jewellery
 i - a ring of wizardry (left hand)
 r - an amulet of magic regeneration (around neck)
 x - an amulet of faith
 J - a ring of fire (right hand)
Wands
 q - a wand of roots (10)
Scrolls
 c - 3 scrolls of noise
 f - a scroll of amnesia
 l - 3 scrolls of enchant weapon
 p - 3 scrolls of poison
 s - 2 scrolls of fear
 y - a scroll of silence
 z - 2 scrolls of teleportation
 H - 2 scrolls of enchant armour {unknown}
 I - a scroll of identify
Potions
 b - 2 potions of magic
 e - a potion of haste {unknown}
 g - 2 potions of flight
 h - a potion of might {unknown}
 j - a potion of invisibility {unknown}
 m - a potion of mutation {unknown}
 o - 2 potions of cancellation {unknown}
 t - 6 potions of curing
 u - 2 potions of heal wounds {unknown}
 A - a potion of berserk rage {unknown}
 G - a potion of lignification {unknown}


   Skills:
 + Level 3.3 Fighting
 + Level 3.3 Short Blades
 + Level 3.3 Long Blades
 + Level 3.3 Axes
 + Level 3.3 Maces & Flails
 + Level 3.3 Polearms
 + Level 3.3 Staves
 + Level 3.3 Ranged Weapons
 + Level 3.3 Throwing
 + Level 3.3 Armour
 + Level 5.7 Dodging
 + Level 5.4 Stealth
 + Level 3.3 Shields
 + Level 3.3 Unarmed Combat
 + Level 6.0 Spellcasting
 + Level 2.7 Conjurations
 + Level 2.7 Hexes
 + Level 7.6 Summonings
 + Level 2.7 Necromancy
 + Level 2.7 Translocations
 + Level 2.7 Transmutations
 + Level 2.7 Fire Magic
 + Level 2.7 Ice Magic
 + Level 2.7 Air Magic
 + Level 2.7 Earth Magic
 + Level 2.7 Poison Magic
 + Level 3.6 Invocations
 + Level 3.3 Evocations


You had 6 spell levels left.
You knew the following spells:

 Your Spells              Type           Power      Damage    Failure   Level
a - Summon Small Mammal   Summ           100%       N/A       1%          1
b - Call Imp              Summ           25%        N/A       1%          2
c - Call Canine Familiar  Summ           25%        N/A       1%          3
d - Summon Guardian Gole  Hex/Summ       18%        N/A       6%          3
e - Summon Lightning Spi  Summ/Air       18%        N/A       17%         4

Your spell library contained the following spells:

 Spells                   Type           Power      Damage    Failure   Level
 Slow                     Hex            44%        N/A       5%          1
 Static Discharge         Conj/Air       11%        3-5/arc   8%          2
 Confusing Touch          Hex            11%        N/A       16%         3
 Vampiric Draining        Necr           11%        2d6       16%         3
 Lightning Bolt           Conj/Air       5%         1d17      77%         5
 Storm Form               Tmut/Air       5%         N/A       100%        7
 Maxwell's Capacitive Co  Air            5%         ∞         100%        8


Dungeon Overview and Level Annotations

Branches:
Dungeon (6/15)
 Temple: D:4-7

Altars:
Nemelex Xobeh

Shops:
D:1 (   D:2 *


Innate Abilities, Weirdness & Mutations

You have very sharp teeth.
Your uncanny sense of smell can sniff out nearby items.
Your experience applies equally to all skills.


Message History

The puff of frost hits the wight.
The wight completely resists.
The wight hits you but does no damage.
Your hound bites the wight.
Your white imp hits the wight but does no damage.
The wight barely misses you.
You closely miss the wight.
The wight is heavily damaged.
Your hound bites the wight but does no damage.
Your hound misses the wight.
Your white imp closely misses the wight.
The wight closely misses your hound.
Your hound bites the wight but does no damage.
Your white imp hits the wight but does no damage.
The wight hits your white imp with a +2 scimitar!
Your white imp dies!
Your white imp disappears in a puff of smoke!
You closely miss the wight.
The wight is heavily damaged.
Your hound barely misses the wight. x2; The wight hits you with a +2 scimitar.
Your hound closely misses the wight.
You closely miss the wight.
The wight is heavily damaged.
Your hound bites the wight.
The wight hits your hound with a +2 scimitar.
Your hound barely misses the wight.
The wight hits your hound with a +2 scimitar!
Your hound dies!
Your hound's corpse disappears in a puff of smoke!
You barely miss the wight. You bite the wight, but do no damage.
The wight is severely damaged.
The wight hits you with a +2 scimitar.
You feel drained. The wight hits you with a +2 scimitar.
Casting: Call Imp (safe; 1% risk of failure)
Confirm with . or Enter, or press ? or * to list all spells.
A beastly little devil appears in a puff of frigid air.
The wight hits you with a +2 scimitar!
* * * LOW HITPOINT WARNING * * *
You feel drained.
* * * LOW HITPOINT WARNING * * *
The wight hits you with a +2 scimitar!
You die...

### #.# #♣8♣# #.#
#...# #.#
##########'## #.#
#....h..#...# #.#
#.#####.#.5.####.###
#.# #.##.99......###
#.#####.####.##.......
#.##>@5......#.....###
#.##z##.#######...##
#.##.##.# ##.##
#.##.##.# #.#
#.....(.# #.#
####.#### ##'##
####...### ##...##
#.5..#...# ##.....##
#.##...#.# ##.......##


You could see a wight (ally target) and a friendly white imp (summoned).

Vanquished Creatures
  An ice beast (D:5)
  2 phantoms (D:5)
  A jelly (D:5)
  A gnoll (D:5)
  An adder (D:3)
  2 ufetubi
  A dart slug (D:3)
  4 orcs
  4 endoplasms
  3 giant cockroaches (D:1)
  2 goblins
  3 hobgoblins
  2 jackals (D:4)
  2 quokkas
  3 ball pythons
  4 bats
  A frilled lizard (D:3)
  5 kobolds
  2 rats (D:1)
  A spectral hobgoblin (D:1)
45 creatures vanquished.

Vanquished Creatures (collateral kills)
  Sigmund (D:4)
  Duvessa (D:4)
  A black bear (D:5)
  A centaur (D:5)
  A phantom (D:4)
  Dowan (D:4)
  2 hounds
  An iguana (D:4)
  5 adders
  A white imp (D:4)
  An ufetubus (D:5)
  A worm (D:4)
  The ghost of nalyd1 the Sneak, a weakling KoDe (D:5)
  2 dart slugs
  6 orcs
  3 ball pythons
  An endoplasm (D:1)
  7 goblins
  6 hobgoblins
  7 jackals
  5 kobolds
  6 quokkas
  3 bats (D:2)
  6 frilled lizards
70 creatures vanquished.

Vanquished Creatures (others)
  A plant (D:4)
1 creature vanquished.

Grand Total: 116 creatures vanquished

Notes
Turn   | Place    | Note
-------+----------+-------------------------------------------
     0 | D:1      | javelincjr the Gnoll Summoner began the quest for the Orb.
     0 | D:1      | Reached XP level 1. HP: 13/13 MP: 6/6
   136 | D:1      | Reached XP level 2. HP: 15/19 MP: 4/7
   538 | D:1      | Learned a level 2 spell: Call Imp
   668 | D:1      | Found Veoryed's Weapon Emporium.
   770 | D:1      | Reached skill level 5 in Spellcasting
   770 | D:1      | Reached XP level 3. HP: 23/25 MP: 6/9
   934 | D:1      | Found a faded altar of an unknown god.
  1451 | D:2      | Reached skill level 1 in Invocations
  1555 | D:2      | Found Wibbovuch's General Store.
  1564 | D:2      | Reached skill level 1 in Fighting
  1564 | D:2      | Reached skill level 1 in Short Blades
  1564 | D:2      | Reached skill level 1 in Long Blades
  1564 | D:2      | Reached skill level 1 in Axes
  1564 | D:2      | Reached skill level 1 in Maces & Flails
  1564 | D:2      | Reached skill level 1 in Polearms
  1564 | D:2      | Reached skill level 1 in Staves
  1564 | D:2      | Reached skill level 1 in Ranged Weapons
  1564 | D:2      | Reached skill level 1 in Throwing
  1564 | D:2      | Reached skill level 1 in Armour
  1564 | D:2      | Reached skill level 1 in Shields
  1564 | D:2      | Reached skill level 1 in Unarmed Combat
  1564 | D:2      | Reached skill level 1 in Evocations
  1738 | D:2      | Learned a level 3 spell: Call Canine Familiar
  1742 | D:2      | Learned a level 3 spell: Summon Guardian Golem
  1910 | D:2      | Reached XP level 4. HP: 32/32 MP: 11/11
  2373 | D:3      | Reached skill level 1 in Conjurations
  2373 | D:3      | Reached skill level 1 in Hexes
  2373 | D:3      | Reached skill level 1 in Necromancy
  2373 | D:3      | Reached skill level 1 in Translocations
  2373 | D:3      | Reached skill level 1 in Transmutations
  2373 | D:3      | Reached skill level 1 in Fire Magic
  2373 | D:3      | Reached skill level 1 in Ice Magic
  2373 | D:3      | Reached skill level 1 in Air Magic
  2373 | D:3      | Reached skill level 1 in Earth Magic
  2373 | D:3      | Reached skill level 1 in Poison Magic
  2837 | D:4      | Reached XP level 5. HP: 37/37 MP: 7/12
  3364 | D:4      | Noticed a phantom
  3409 | D:4      | Killed a phantom
  3676 | D:4      | Reached XP level 6. HP: 44/44 MP: 13/13
  3730 | D:4      | Learned a level 4 spell: Summon Lightning Spire
  3735 | D:4      | Noticed Duvessa
  3735 | D:4      | Noticed Dowan
  3742 | D:4      | Killed Duvessa
  3743 | D:4      | Reached skill level 5 in Dodging
  3760 | D:4      | Killed Dowan
  4120 | D:4      | Noticed Sigmund
  4577 | D:4      | Killed Sigmund
  4578 | D:4      | Reached XP level 7. HP: 51/51 MP: 15/15
  4783 | D:5      | Entered Level 5 of the Dungeon
  5104 | D:5      | Found a sparkling altar of Nemelex Xobeh.
  5128 | D:5      | Reached skill level 5 in Stealth
  5623 | D:5      | Reached XP level 8. HP: 58/58 MP: 14/16
  6145 | D:5      | Found a runed translucent door.
  6145 | D:5      | Noticed nalyd1's ghost (weakling KoDe)
  6228 | D:5      | Killed nalyd1's ghost
  6267 | D:5      | Slain by a wight

Illustrated notes

Levels and vault maps discovered:
D:1:      sevenhm_arrival_forest_fort_large_4, layout_basic, serial_shops, shop,
          dreamdust_ecumenical_altar_drowned_temple, minmay_tree_intersection
D:2:      layout_rooms, serial_glass, glass_columns_b, glass_columns_a,
          serial_shops, shop, minmay_pentomino_x2
D:3:      layout_rooms, kennysheep_generic_room_13
D:4:      corexii_shack_village, layout_cave_pods, minivault_26,
          kennysheep_potato, uniq_duvessa, uniq_sigmund
D:5:      minmay_razor_zed, layout_loops_corners, nemelex_spade_bored_becter,
          gammafunk_ghost_grave
D:6:      layout_rooms, mainiacjoe_overflow_surrounded_room,
          minmay_temple_entry_hall, uniq_grinder, uniq_eustachio

Skill      XL: |  1  2  3  4  5  6  7  8 |
---------------+-------------------------+-----
Spellcasting   | 5 6 |  6.0
Invocations    | 1 2 3 |  3.6
Fighting       | 1 2 3 |  3.3
Short Blades   | 1 2 3 |  3.3
Long Blades    | 1 2 3 |  3.3
Axes           | 1 2 3 |  3.3
Maces & Flails | 1 2 3 |  3.3
Polearms       | 1 2 3 |  3.3
Staves         | 1 2 3 |  3.3
Ranged Weapons | 1 2 3 |  3.3
Throwing       | 1 2 3 |  3.3
Armour         | 1 2 3 |  3.3
Shields        | 1 2 3 |  3.3
Unarmed Combat | 1 2 3 |  3.3
Evocations     | 1 2 3 |  3.3
Conjurations   | 1 2 |  2.7
Hexes          | 1 2 |  2.7
Necromancy     | 1 2 |  2.7
Translocations | 1 2 |  2.7
Transmutations | 1 2 |  2.7
Fire Magic     | 1 2 |  2.7
Ice Magic      | 1 2 |  2.7
Air Magic      | 1 2 |  2.7
Earth Magic    | 1 2 |  2.7
Poison Magic   | 1 2 |  2.7
Dodging        | 5 |  5.7
Stealth        | 5 |  5.4
Summonings     | |  7.6

Action                   |  1- 3 |  4- 6 |  7- 9 || total
-------------------------+-------+-------+-------++-------
Melee: Whip              |    48 |       |       ||    48
       Unarmed           |     2 |       |       ||     2
       Bite              |     4 |     9 |     7 ||    20
       Spear             |    27 |       |       ||    27
       War axe           |       |    56 |       ||    56
       Punch             |       |     2 |       ||     2
       Dagger            |       |    18 |       ||    18
       Executioner's axe |       |     1 |    46 ||    47
 Cast: Summon Small Mamm |    28 |    14 |     2 ||    44
       Call Imp          |     9 |    11 |    13 ||    33
       Call Canine Famil |     2 |    12 |    12 ||    26
       Summon Guardian G |       |     6 |     6 ||    12
       Summon Lightning  |       |     3 |       ||     3
  Use: Scroll            |       |     8 |     2 ||    10
 Stab: Distracted        |     1 |     1 |     2 ||     4
       Sleeping          |     2 |     5 |     1 ||     8
Armor: Robe              |    13 |    13 |       ||    26
       Leather armour    |       |     5 |    16 ||    21
       Ring mail         |       |       |     8 ||     8
Dodge: Dodged            |    56 |    69 |    54 ||   179
